 Dungeon Crawl Stone Soup version 0.32-a0-470-g255bbe2 (webtiles) character file.

Game seed: 265159557466376896

6038 Dorkslayer the Carver (level 10, -8/84 HPs)
             Began as a Coglin Gladiator on Feb 25, 2024.
             Was an Initiate of Gozag.
             Killed from afar by an efreet (23 damage)
             ... with a fireball
             ... on level 9 of the Dungeon.
             The game lasted 00:31:57 (6969 turns).

Dorkslayer the Carver (Coglin Gladiator)            Turns: 6969, Time: 00:31:58

Health: -8/84      AC: 21    Str: 14    XL:     10   Next: 86%
Magic:  10/10      EV:  6    Int:  8    God:    Gozag
Gold:   525        SH:  0    Dex: 22    Spells: 9/9 levels left

rFire   . . .        y - +5 long sword {Raúl}
rCold   . . .        f - +2 scimitar {Huemac}
rNeg    . . .        C - +0 plate armour
rPois   .            z - +1 helmet
rElec   .            n - +2 cloak {Stlth+}
rCorr   .            m - +1 pair of gloves
SInv    +            w - +0 pair of boots
Will    .....        e - amulet of magic regeneration Stlth
                     (ring unavailable)
HPRegen 0.34/turn    (ring unavailable)
MPRegen 0.52/turn

%: no passive effects
@: mighty, lethally poisoned (-8 -> -9), gold aura, revving
A: off-hand wielding, slow wielding, warmup strikes, no rings, thin skeletal
structure 1, see invisible, robust 1, evolution 1
a: Renounce Religion, Potion Petition, Call Merchant, Bribe Branch


You were on level 9 of the Dungeon.
You worshipped Gozag.
Gozag was pleased with you.
You visited 2 branches of the dungeon, and saw 10 of its levels.

You collected 850 gold pieces.
You spent 240 gold pieces at shops.
You paid 85 gold pieces to Gozag.

Inventory:

Hand Weapons
 a - a +0 long sword of protection {Chikashi}
 f - a +2 scimitar (offhand) {Huemac}
 y - a +5 long sword (weapon) {Raúl}
Missiles
 l - 16 boomerangs (quivered)
 u - 2 curare-tipped darts
Armour
 h - a scarf of resistance
 m - a +1 pair of gloves (worn)
 n - a +2 cloak of stealth (worn)
 w - a +0 pair of boots (worn)
 z - a +1 helmet (worn)
 C - a +0 plate armour (worn)
Jewellery
 e - an amulet of magic regeneration (around neck)
Wands
 b - a wand of charming (15)
 g - a wand of iceblast (4)
 x - a wand of polymorph (3)
 D - a wand of flame (11)
Scrolls
 c - 2 scrolls of immolation
 i - 5 scrolls of teleportation
 q - 2 scrolls of poison
 A - a scroll of revelation
 B - a scroll of enchant weapon
Potions
 d - a potion of brilliance
 k - a potion of might
 o - 2 potions of enlightenment
 p - a potion of resistance
 r - 2 potions of cancellation
 t - a potion of curing


   Skills:
 + Level 6.3 Fighting
 + Level 11.6 Long Blades
 + Level 3.1 Throwing
 + Level 5.6 Armour
 * Level 5.3 Dodging
 + Level 1.3 Stealth
 * Level 5.0 Evocations


You had 9 spell levels left.
You didn't know any spells.
Your spell library contained the following spells:

 Spells                   Type           Power      Damage    Failure   Level
 Apportation              Tloc           0%         N/A       100%        1
 Magic Dart               Conj           0%         1d3       100%        1
 Sandblast                Erth           0%         2d4       100%        1
 Blink                    Tloc           0%         N/A       100%        2
 Call Imp                 Summ           0%         N/A       100%        2
 Ensorcelled Hibernation  Hex/Ice        0%         N/A       100%        2
 Dazzling Flash           Conj/Hex       0%         N/A       100%        3
 Passwall                 Erth           0%         N/A       100%        3
 Stone Arrow              Conj/Erth      0%         3d7       100%        3
 Swiftness                Air            0%         N/A       100%        3
 Volatile Blastmotes      Fire/Tloc      0%         2d10      100%        3
 Brom's Barrelling Bould  Conj/Erth      0%         2d3       100%        4
 Vhi's Electric Charge    Tloc/Air       0%         N/A       100%        4
 Arcjolt                  Conj/Air       0%         1d10      100%        5
 Starburst                Conj/Fire      0%         6d3       100%        6
 Maxwell's Capacitive Co  Air            0%         ∞         100%        8


Dungeon Overview and Level Annotations

Branches:
Dungeon (9/15)             Temple (1/1) D:6
   Lair: D:8-11         Orc: D:9-12

Altars:
Ashenzari
Cheibriados
Dithmenos
Elyvilon
Fedhas
Gozag
Hepliaklqana
Kikubaaqudgha
Makhleb
Nemelex Xobeh
Okawaru
Qazlal
Ru
Sif Muna
Trog
Uskayaw
Vehumet
Wu Jian
Xom
Yredelemnul

Shops:
D:2 [[   D:3 ?


Innate Abilities, Weirdness & Mutations

You can wield a second weapon in your off-hand.
It takes a long time for you to wield or remove held weapons.
Your first few attacks do less damage.
Your grasper-arms cannot wear rings.
You have a somewhat thin skeletal structure. (Dex +2, Stealth+)
You have supernaturally acute eyesight. (SInv)
You are robust. (+10% HP)
You have hidden genetic potential.


Message History

You feel sick.
The kobold brigand hits your two-headed ogre but does no damage.
The kobold hits your two-headed ogre with a +3 dagger.
You feel sick.
The kobold brigand hits your two-headed ogre with a +0 short sword.
The kobold hits your two-headed ogre with a +3 dagger.
You feel sick.
The kobold brigand hits your two-headed ogre with a +0 short sword!
The kobold hits your two-headed ogre with a +3 dagger.
You feel sick.
Your two-headed ogre completely misses the kobold.
Your two-headed ogre misses the kobold.
The kobold brigand hits your two-headed ogre with a +0 short sword.
The kobold hits your two-headed ogre with a +3 dagger.
Your two-headed ogre dies!
Found a stone staircase leading down.
You feel sick.
The kobold brigand hits you but does no damage.
The kobold hits you with a +3 dagger.
* * * LOW HITPOINT WARNING * * *
Things that are here:
23 gold pieces; a +0 giant spiked club; a +0 giant spiked club You barely miss the kobold brigand with your +2 scimitar.
You hit the kobold brigand with your +5 long sword.
You feel sick.
The kobold brigand hits you with a +0 short sword.
* * * LOW HITPOINT WARNING * * *
The kobold hits you but does no damage.
You slice the kobold brigand with your +5 long sword!!
You kill the kobold brigand!
You feel sick. The kobold hits you but does no damage.
The kobold is distracted by your dazzling golden aura.
The efreet gestures at you.
The fireball explodes!
The fireball engulfs the kobold!!
The kobold dies!
The fireball engulfs the efreet.
The efreet completely resists.
The fireball engulfs the kobold!!
The kobold dies!
The fireball engulfs you!!
You die...
Your body crumbles into a pile of gold.

...... #...
.........[.
...... ....
..........
.....< ####..
........ ....
## .##.#...#
....#...#
###.....#####
#...........#
#.#.........#
#@#.........#
#$$#.........#
#R$##.........#
>..#
#.........#
..##
#.........#
....
#.........# ...
#.........# ..
#.........#
###########


You could see an efreet.

Vanquished Creatures
  Pikel (D:6)
  The ghost of flinslave4 the Chopper, a novice MDFi of Uskayaw (D:5)
  The ghost of Luce the Ruffian, a novice VSFi of Cheibriados (D:7)
  Maurice (D:7)
  Prince Ribbit (D:9)
  Eustachio (D:4)
  3 steam dragons
  Edmund (D:4)
  2 water moccasins
  An orc warrior (D:7)
  5 ice beasts
  A black bear (D:8)
  A sky beast (D:7)
  2 ogres
  4 lemures (D:6)
  3 kobold brigands
  2 bullfrogs
  2 scorpions (D:6)
  12 wights
  4 killer bees (D:9)
  A howler monkey (D:5)
  3 electric eels (D:7)
  A bullfrog zombie (D:5)
  A gnoll bouda (D:8)
  4 hounds
  6 orc priests
  2 jellies (D:5)
  2 iguanas
  5 orc wizards
  Natasha (twice) (D:3)
  A hound zombie (D:5)
  6 gnolls
  7 adders
  A shadow imp (D:7)
  A white imp (D:7)
  5 dart slugs
  3 ribbon worms
  31 orcs
  7 endoplasms
  4 giant cockroaches
  8 goblins
  8 hobgoblins
  3 jackals (D:1)
  20 kobolds
  6 quokkas
  3 ball pythons
  8 bats
  3 frilled lizards (D:1)
  8 rats
209 creatures vanquished.

Vanquished Creatures (collateral kills)
  A bombardier beetle (D:7)
  An orc wizard (D:7)
  A white imp (D:7)
3 creatures vanquished.

Vanquished Creatures (others)
  2 two-headed ogres
  2 kobolds (D:9)
4 creatures vanquished.

Grand Total: 216 creatures vanquished

Notes
Turn   | Place    | Note
-------+----------+-------------------------------------------
     0 | D:1      | Dorkslayer the Coglin Gladiator began the quest for the
                  | Orb.
     0 | D:1      | Reached XP level 1. HP: 16/16 MP: 1/1
    18 | D:1      | Found a faded altar of an unknown god.
    27 | D:1      | Got Plato's Dissertation on Translocation
   147 | D:1      | Reached XP level 2. HP: 22/22 MP: 2/2
   217 | D:1      | Reached XP level 3. HP: 19/27 MP: 3/3
   590 | D:1      | Reached XP level 4. HP: 31/33 MP: 4/4
   698 | D:2      | Found Kitiutt's Antique Armour Shop.
   825 | D:2      | Found Ihojog's Armour Boutique.
   834 | D:2      | Reached skill level 4 in Long Blades
   849 | D:2      | Reached skill level 1 in Armour
  1436 | D:2      | Reached XP level 5. HP: 31/38 MP: 5/5
  1924 | D:3      | Found a hide-covered altar of Uskayaw.
  2094 | D:3      | Noticed Natasha
  2099 | D:3      | Killed Natasha
  2233 | D:3      | Found Qulon's Magic Scroll Emporium.
  2309 | D:3      | Noticed Natasha
  2316 | D:3      | Killed Natasha
  2491 | D:4      | Reached skill level 5 in Long Blades
  2491 | D:4      | Reached XP level 6. HP: 46/46 MP: 6/6
  2561 | D:4      | Noticed Edmund
  2578 | D:4      | Killed Edmund
  2686 | D:4      | Reached skill level 6 in Long Blades
  2686 | D:4      | Reached XP level 7. HP: 51/52 MP: 7/7
  2746 | D:4      | Found an ancient bone altar of Kikubaaqudgha.
  2766 | D:4      | Noticed Eustachio
  2790 | D:4      | Killed Eustachio
  3055 | D:5      | Entered Level 5 of the Dungeon
  3085 | D:5      | Reached skill level 7 in Long Blades
  3106 | D:5      | Reached XP level 8. HP: 60/60 MP: 8/8
  3237 | D:5      | Found a shadowy altar of Dithmenos.
  3273 | D:5      | Reached skill level 8 in Long Blades
  3448 | D:5      | Found a shimmering altar of Xom.
  3619 | D:5      | Gained mutation: You passively map a small area around you.
                  | [potion of mutation]
  3619 | D:5      | Gained mutation: You occasionally lose the ability to drink
                  | potions when taking damage. [potion of mutation]
  3619 | D:5      | Gained mutation: Your spells are a little easier to cast,
                  | but a little less powerful. [potion of mutation]
  3620 | D:5      | Lost mutation: Your spells are a little easier to cast, but
                  | a little less powerful. [potion of mutation]
  3620 | D:5      | Lost mutation: You passively map a small area around you.
                  | [potion of mutation]
  3620 | D:5      | Lost mutation: You occasionally lose the ability to drink
                  | potions when taking damage. [potion of mutation]
  3620 | D:5      | Gained mutation: You have hidden genetic potential. [potion
                  | of mutation]
  3620 | D:5      | Gained mutation: You are robust. (+10% HP) [potion of
                  | mutation]
  3620 | D:5      | Gained mutation: You have supernaturally acute eyesight.
                  | (SInv) [potion of mutation]
  3702 | D:5      | Found a runed translucent gate.
  3702 | D:5      | Found a runed translucent gate.
  3702 | D:5      | Found a runed translucent gate.
  3702 | D:5      | Noticed flinslave4's ghost (novice MDFi)
  3704 | D:5      | Found a basalt altar of Yredelemnul.
  3884 | D:5      | Killed flinslave4's ghost
  3885 | D:5      | Reached skill level 9 in Long Blades
  3885 | D:5      | Reached XP level 9. HP: 47/72 MP: 9/9
  4121 | D:6      | Found a staircase to the Ecumenical Temple.
  4194 | D:6      | Noticed Pikel
  4209 | D:6      | Killed Pikel
  4214 | D:6      | Gained mutation: You have a somewhat thin skeletal
                  | structure. (Dex +2, Stealth+) [hidden potential]
  4219 | D:6      | Reached skill level 5 in Fighting
  4405 | D:6      | Reached skill level 10 in Long Blades
  4415 | D:6      | Reached skill level 1 in Evocations
  4637 | Temple   | Entered the Ecumenical Temple
  4647 | Temple   | Became a worshipper of Gozag Ym Sagoz the Greedy
  4716 | D:7      | Reached skill level 5 in Armour
  4736 | D:7      | Noticed Maurice
  5000 | D:7      | Maurice stole 222 gold
  5011 | D:7      | Killed Maurice
  5012 | D:7      | Reached XP level 10. HP: 67/83 MP: 7/10
  5417 | D:7      | Found a transporter.
  5417 | D:7      | Found a transporter.
  5417 | D:7      | Noticed Luce's ghost (novice VSFi)
  5417 | D:7      | Noticed a two-headed ogre
  5777 | D:7      | Reached skill level 11 in Long Blades
  5841 | D:7      | Found a sparkling altar of Nemelex Xobeh.
  5933 | D:7      | Killed Luce's ghost
  5934 | D:7      | Reached skill level 5 in Dodging
  6103 | D:3      | Bought a scroll of identify for 20 gold pieces
  6103 | D:3      | Bought a scroll of identify for 20 gold pieces
  6103 | D:3      | Bought a scroll of revelation for 75 gold pieces
  6103 | D:3      | Bought a scroll of identify for 20 gold pieces
  6103 | D:3      | Bought a scroll of enchant weapon for 75 gold pieces
  6103 | D:3      | Bought a scroll of teleportation for 30 gold pieces
  6267 | D:8      | Found a broken altar of Ashenzari.
  6412 | D:8      | Found a hazy altar of Hepliaklqana.
  6909 | D:9      | Reached skill level 1 in Stealth
  6919 | D:9      | Noticed Prince Ribbit
  6934 | D:9      | Killed Prince Ribbit
  6935 | D:9      | Reached skill level 5 in Evocations
  6950 | D:9      | Noticed a two-headed ogre
  6969 | D:9      | Killed from afar by an efreet

Illustrated notes

Levels and vault maps discovered:
D:1:      spicycebolla_arrival_clurvy, layout_basic,
          shapermc_ecumenical_altar_rom_forum, minmay_hexomino_c4
D:2:      layout_basic, serial_shops, nicolae_shop_tiny_waterfront,
          nicolae_shop_trees, minmay_quadrilaterals
D:3:      layout_basic, mainiacjoe_overflow_cross_hatched, serial_shops, shop,
          amcnicky_mini_pool_small, minivault_24, uniq_natasha
D:4:      layout_cave_pools, mainiacjoe_overflow_catwalk, uniq_edmund,
          uniq_eustachio
D:5:      layout_basic, mainiacjoe_overflow_brackets,
          nicolae_dithmenos_through_a_glass_darkly,
          nicolae_yredelemnul_ghost_church, minmay_holes,
          minmay_misc_feat_encased
D:6:      layout_basic, minmay_temple_entry_statues_fountains, uniq_pikel
D:7:      layout_loops_ring, lemuel_coloured_pillars_altar,
          gammafunk_ghost_arena, serial_bayou_lake_a, uniq_maurice
D:8:      kennysheep_steamy, layout_loops_cross, mainiacjoe_overflow_24_doors,
          mainiacjoe_overflow_boulevard
D:9:      layout_rooms, orc_0_dummy, hangedman_decor_opposing,
          uniq_prince_ribbit1
Temple:   hellmonk_temple_forest_ring

Skill      XL: |  1  2  3  4  5  6  7  8  9 10 |
---------------+-------------------------------+-----
Dodging        | 3 4 5 |  5.3
Long Blades    | 4 5 6 7 9 10 11 | 11.6
Armour         | 1 2 3 4 5 |  5.6
Fighting       | 3 4 5 6 |  6.3
Throwing       | 2 3 |  3.1
Evocations     | 3 5 |  5.0
Stealth        | 1 |  1.3

Action                     |  1- 3 |  4- 6 |  7- 9 | 10-12 || total
---------------------------+-------+-------+-------+-------++-------
  Melee: Long sword        |    77 |   113 |   260 |    89 ||   539
         Falchion          |    26 |   108 |   249 |       ||   383
         Scimitar          |       |       |       |    92 ||    92
  Throw: Throwing net      |     2 |     4 |       |       ||     6
         Dart              |       |       |     3 |       ||     3
         Javelin           |       |       |     1 |       ||     1
         Boomerang         |       |       |     8 |    14 ||    22
  Evoke: Wand              |       |       |     2 |    10 ||    12
    Use: Scroll            |       |     2 |    10 |    12 ||    24
         Potion            |       |       |     9 |     6 ||    15
   Stab: Held in net/web   |     1 |       |       |       ||     1
         Sleeping          |     1 |       |       |       ||     1
         Invisible         |       |       |       |     3 ||     3
         Distracted        |       |       |       |     2 ||     2
 Armour: Leather armour    |    46 |    13 |       |       ||    59
         Chain mail        |       |    76 |    22 |       ||    98
         Scale mail        |       |    10 |       |       ||    10
         Plate armour      |       |       |   254 |   118 ||   372
  Dodge: Dodged            |    62 |    48 |    57 |    40 ||   207

Table legend: (Time is in decaauts)
 A = Elapsed time spent in this place.
 B = Non-inter-level travel time spent in this place.
 C = Inter-level travel time spent in this place.
 D = Time resting spent in this place.
 E = Time spent auto-exploring this place.
 F = Levels seen in this place.
 G = Mean time per level.
                   A        B        C        D        E       F      G
               +--------+--------+--------+--------+--------+-----+--------+
         Total |   6940 |   6779 |    161 |    284 |   2722 |  10 |  694.0 |
       Dungeon |   6920 |   6759 |    161 |    284 |   2722 |   9 |  768.9 |
        Temple |     19 |     19 |      0 |      0 |      0 |   1 |   19.0 |
               +--------+--------+--------+--------+--------+-----+--------+

Top non-repeatable levels by time:
     D:7: 1135 daAuts
     D:2: 1126 daAuts
     D:5: 936 daAuts
     D:6: 899 daAuts
     D:1: 693 daAuts
     D:3: 674 daAuts
     D:4: 670 daAuts
     D:8: 655 daAuts
     D:9: 129 daAuts
  Temple: 19 daAuts
